 Dungeon Crawl Stone Soup version 0.28.0 (webtiles) character file.

Game seed: 286525201838954788

41 trckry the Caller (level 3, 0/26 HPs)
             Began as a Barachi Summoner on Feb 13, 2022.
             Slain by an adder (1 damage)
             ... on level 2 of the Dungeon.
             The game lasted 00:05:35 (1372 turns).

trckry the Caller (Barachi Summoner)                Turns: 1372, Time: 00:05:36

Health: 0/26       AC:  2    Str:  9    XL:     3   Next: 52%
Magic:  0/6        EV: 12    Int: 17    God:
Gold:   59         SH:  0    Dex: 12    Spells: 3/6 levels left

rFire   . . .      SeeInvis .   d - staff of earth
rCold   . . .      Faith    .   (no shield)
rNeg    . . .      Spirit   .   a - +0 robe
rPois   .          Reflect  .   (no helmet)
rElec   .          Harm     .   (no cloak)
rCorr   .          Rampage  .   (no gloves)
Will    .....                   (no boots)
Stlth   ++........              (no amulet)
HPRegen 0.08/turn               (no ring)
MPRegen 0.10/turn               (no ring)

@: brilliant, unable to hop, slow
A: amphibious, slowness 1, strong legs 1, +LOS
a: Hop


You were on level 2 of the Dungeon.
You visited 1 branch of the dungeon, and saw 2 of its levels.

You collected 59 gold pieces.

Inventory:

Armour
 a - a +0 robe (worn)
Magical Staves
 d - a staff of earth (weapon)
Scrolls
 c - 2 scrolls of enchant weapon {unknown}
 e - a scroll of vulnerability {unknown}
 f - a scroll of fog {unknown}
 g - a scroll of identify {unknown}
Potions
 b - a potion of curing {unknown}
 i - a potion of magic {unknown}


   Skills:
 + Level 1.0 Fighting
 + Level 0.4 Staves
 + Level 1.2 Armour
 + Level 2.4 Dodging
 - Level 2.0 Stealth
 + Level 2.3 Spellcasting
 * Level 5.3 Summonings
 + Level 0.4 Evocations


You had 3 spell levels left.
You knew the following spells:

 Your Spells              Type           Power      Damage    Failure   Level
a - Summon Small Mammal   Summ           100%       N/A       1%          1
b - Call Imp              Summ           30%        N/A       3%          2

Your spell library contained the following spells:

 Spells                   Type           Power      Damage    Failure   Level
 Call Canine Familiar     Summ           30%        N/A       6%          3
 Summon Guardian Golem    Hex/Summ       16%        N/A       19%         3
 Summon Lightning Spire   Summ/Air       16%        N/A       52%         4


Dungeon Overview and Level Annotations

Branches:
Dungeon (2/15)

Altars:
Dithmenos

Shops:
D:1 :


Innate Abilities, Weirdness & Mutations

You are amphibious.
You cover ground slowly.
You can hop short distances.
You have an extended range of vision and can be seen from far away.


Message History

The adder closely misses you.
Your quokka barely misses the adder.
The adder bites you but does no damage.
You feel sick.
Your quokka disappears in a puff of smoke!
Your bat closely misses the adder.
Your bat hits the adder but does no damage.
The adder bites your bat.
Your bat dies!
Your bat's corpse disappears in a puff of smoke!
The adder hisses angrily.
You see here a frilled lizard corpse.
You feel sick.
Your crimson imp barely misses the adder.
Casting: Call Imp (safe; 3% risk of failure)
Confirm with . or Enter, or press ? or * to list all spells.
You feel sick.
You are no longer poisoned.
The adder bites you.
* * * LOW HITPOINT WARNING * * *
Your crimson imp barely misses the adder.
Your bat closely misses the adder. x2; The quokka bites your crimson imp.
Your crimson imp barely misses the quokka.
The quokka closely misses something.
The adder closely misses you. The quokka bites your crimson imp.
Hop to where?
Press: ? - help, Dir - move target Boing!
Casting: Summon Small Mammal (safe; 1% risk of failure)
Confirm with . or Enter, or press ? or * to list all spells.
Your bat completely misses the adder.
Your bat closely misses the adder.
Your bat barely misses the adder.
The adder misses you.
You barely miss the adder.
The adder is almost dead.
Your bat barely misses the adder.
The adder bites you.
* * * LOW HITPOINT WARNING * * *
Your rat misses the adder.
It was a potion of brilliance.
You feel clever all of a sudden. The adder bites you.
You die...

#.# #.....# ..# #.....# #..#
#.....####### #..
#...........#.# ...
###.#.#####.#.#
#.#######.#.#####.#.#
#.##...........##.#.#
############†##..#####.##.##.#.#
.......r§.r..##r@# #.##.##.#.##
...§...####5.##.S# #.......#.##
....... #.b##5b# ####.####.##
.....<. #.....># #......#5
....... #.####.# ######...
..[.... ...[ #... #...
............# ##### #.#.
########>.$.# #.#. #.##.# #.#.


You could see an adder (ally target), a friendly crimson imp (summoned), a
friendly bat (summoned) and a friendly rat (summoned).

Vanquished Creatures
  A frilled lizard (D:2)
  A kobold (D:2)
  2 rats
4 creatures vanquished.

Vanquished Creatures (collateral kills)
  An adder (D:2)
  2 dart slugs
  3 ball pythons (D:1)
  2 endoplasms (D:1)
  2 giant cockroaches (D:1)
  4 goblins
  A hobgoblin (D:1)
  A quokka (D:1)
  A frilled lizard (D:2)
  4 kobolds (D:1)
  A rat (D:1)
22 creatures vanquished.

Grand Total: 26 creatures vanquished

Notes
Turn   | Place    | Note
-------+----------+-------------------------------------------
     0 | D:1      | trckry the Barachi Summoner began the quest for the Orb.
     0 | D:1      | Reached XP level 1. HP: 13/13 MP: 3/3
   133 | D:1      | Reached skill level 5 in Summonings
   133 | D:1      | Reached XP level 2. HP: 14/19 MP: 0/5
   371 | D:1      | Found Ufraodur's Book Shoppe.
   445 | D:1      | Learned a level 2 spell: Call Imp
   552 | D:1      | Found a faded altar of an unknown god.
   718 | D:1      | Reached skill level 1 in Armour
   718 | D:1      | Reached XP level 3. HP: 22/25 MP: 4/6
  1081 | D:2      | Found a shadowy altar of Dithmenos.
  1097 | D:2      | Reached skill level 1 in Fighting
  1371 | D:2      | HP: 1/26 [adder (4)]
  1372 | D:2      | Slain by an adder

Illustrated notes

Levels and vault maps discovered:
D:1:      heliophobic_arrival_ceremonial_halls, layout_loops_ring,
          hellmonk_ecumenical_altar_run_dry, serial_shops,
          nicolae_shop_behind_doors, minmay_tetromino_l2
D:2:      cheibrodos_old_hovel, layout_loops_cross, basic_altar

Skill      XL: |  1  2  3 |
---------------+----------+-----
Summonings     | 5 |  5.3
Stealth        | 2 |  2.0
Armour         | 1 |  1.2
Fighting       | 1 |  1.0
Staves         | |  0.4
Dodging        | |  2.4
Spellcasting   | |  2.3
Evocations     | |  0.4

Action                   || total
-------------------------++-------
Melee: Staff             ||    25
       Punch             ||     1
 Cast: Summon Small Mamm ||    28
       Call Imp          ||    10
 Abil: Hop               ||     1
  Use: Potion            ||     1
 Stab: Distracted        ||     1
       Sleeping          ||     1
Armor: Robe              ||     4
Dodge: Dodged            ||    33
